 Dungeon Crawl Stone Soup version 0.29.1-15-g9cfb28693d (webtiles) character file.

Game seed: 3765710485289800253

3701 Ast3rio the Basher (level 9, -10/121 HPs)
             Began as a Minotaur Berserker on Feb 27, 2023.
             Was an Elder of Trog.
             Mangled by an orc warrior
             ... wielding a +0 war axe
              (19 damage)
             ... in a bailey.
             The game lasted 00:19:34 (9014 turns).

Ast3rio the Basher (Minotaur Berserker)             Turns: 9014, Time: 00:19:34

Health: -10/121    AC:  9    Str: 26    XL:     9   Next: 91%
Magic:  8/8        EV: 12    Int:  4    God:    Trog [****..]
Gold:   258        SH:  0    Dex: 10    Spells: 8/8 levels left

rFire   . . .      SeeInvis .   J - +5 halberd
rCold   . . .      Faith    .   (shield currently unavailable)
rNeg    . . .      Spirit   .   q - +1 scale mail
rPois   .          Reflect  .   (helmet restricted)
rElec   .          Harm     .   (no cloak)
rCorr   +          Rampage  .   (no gloves)
Will    .....                   (no boots)
Stlth   ..........              (no amulet)
HPRegen 0.30/turn               C - +4 ring of slaying
MPRegen 0.11/turn               h - ring of resist corrosion

@: berserking (expiring), very quick
A: horns 2, retaliatory headbutt
a: Renounce Religion, Berserk, Trog's Hand, Brothers in Arms


You were in a bailey.
You worshipped Trog.
Trog was greatly pleased with you.
You visited 1 branch of the dungeon, and saw 8 of its levels.
You also visited: Ossuary and Bailey.

You collected 423 gold pieces.
You spent 165 gold pieces at shops.

Inventory:

Hand Weapons
 a - a +0 hand axe
 n - a +2 morningstar of protection
 v - a +0 dagger of electrocution
 x - a +3 whip
 D - a +2 dagger of protection
 I - a +4 short sword
 J - a +5 halberd (weapon)
Missiles
 E - a throwing net (quivered)
Armour
 b - a +0 animal skin
 q - a +1 scale mail (worn)
Jewellery
 h - a ring of resist corrosion (right hand)
 C - a +4 ring of slaying (left hand)
 F - a ring of willpower
 G - a +6 ring of strength
Wands
 y - a wand of paralysis (19)
Scrolls
 c - a scroll of immolation
 f - 7 scrolls of teleportation
 g - 3 scrolls of fear {unknown}
 i - 2 scrolls of enchant armour
 l - 2 scrolls of magic mapping {unknown}
 m - 4 scrolls of identify
 o - 4 scrolls of butterflies {unknown}
 r - 3 scrolls of amnesia
 t - 2 scrolls of noise {unknown}
 B - 2 scrolls of poison
 K - a scroll of blinking {unknown}
 L - a scroll of brand weapon {unknown}
 M - a scroll of enchant weapon {unknown}
Potions
 d - 3 potions of brilliance {unknown}
 e - 2 potions of flight
 j - 8 potions of heal wounds
 k - 3 potions of attraction
 p - 2 potions of mutation
 s - 3 potions of curing
 u - a potion of lignification {unknown}
 w - 2 potions of haste {unknown}
 z - 2 potions of might {unknown}
 A - 2 potions of magic {unknown}
 H - a potion of experience {unknown}


   Skills:
 + Level 7.9 Fighting
 + Level 4.9(8.8) Axes
 + Level 9.5(10.1) Maces & Flails
 + Level 6.1(6.9) Polearms
 + Level 8.4 Armour
 + Level 5.4 Dodging
 + Level 0.7 Stealth


You had 8 spell levels left.
You didn't know any spells.
Your spell library was empty.

Dungeon Overview and Level Annotations

Branches:
Dungeon (8/15)             Temple (0/1) D:7         Ossuary (visited)
 Bailey (1/1)
   Lair: D:8-11

Altars:
Makhleb
Qazlal
Ru
Uskayaw
Wu Jian

Shops:
D:8 !


Innate Abilities, Weirdness & Mutations

You have a pair of horns on your head.
You reflexively headbutt those who attack you in melee.


Message History

Trog accepts your kill.
You closely miss the hobgoblin. You barely miss the hobgoblin.
The orc warrior hits you with a +0 war axe!
The hobgoblin closely misses you.
The hobgoblin hits you but does no damage.
The orc warrior hits you but does no damage.
You barely miss the hobgoblin. Your headbutt misses the hobgoblin.
The orc warrior barely misses you. The hobgoblin closely misses you.
The hobgoblin hits you but does no damage.
The orc warrior hits you with a +0 war axe!
You barely miss the hobgoblin. You headbutt the hobgoblin.
You kill the hobgoblin!
Trog accepts your kill. The orc warrior misses you.
The hobgoblin hits you but does no damage.
The orc warrior hits you with a +0 war axe!
You slash the orc warrior!
The orc warrior is moderately wounded.
The orc warrior hits you with a +0 war axe!
The hobgoblin misses you.
The orc warrior hits you with a +0 war axe!
* * * LOW HITPOINT WARNING * * *
The orc warrior completely misses you.
You impale the orc warrior!! Your headbutt misses the orc warrior.
The orc warrior is almost dead.
You closely miss the orc warrior. Your headbutt misses the orc warrior.
The orc warrior is almost dead.
The orc warrior barely misses you. You furiously retaliate!
You headbutt the orc warrior. The hobgoblin completely misses you.
The orc warrior closely misses you. You furiously retaliate!
You headbutt the orc warrior!! The orc warrior misses you.
You furiously retaliate!
You headbutt the orc warrior!
You kill the orc warrior!
Trog accepts your kill.
The orc warrior hits you with a +0 war axe!
* * * LOW HITPOINT WARNING * * *
The hobgoblin barely misses you.
The orc warrior hits you with a +0 war axe!!
You die...

##.......##
#.........#
##.........##
#.....⌠.....#
#.........#
#.........#
#.......# #...o@g.#
##..).o## ####)##
##.....## #.......#
##.......##
#.........#
##.........##
#######.....⌠.....#


You could see 2 orc warriors and a hobgoblin.

Vanquished Creatures
  A spriggan (D:7)
  2 vampire mosquitoes (D:8)
  2 water moccasins (D:7)
  3 orc warriors
  3 sky beasts (D:6)
  An ice beast (D:5)
  5 black bears
  An ogre (D:4)
  A centaur (D:5)
  An elf zombie (Ossuary)
  A phantom (D:7)
  3 bullfrogs
  2 necrophages
  3 wights (D:7)
  5 killer bees (D:5)
  A howler monkey (D:7)
  A human zombie (Ossuary)
  4 hounds
  7 orc priests
  A jelly (D:5)
  2 gnoll boudas
  3 iguanas
  3 mummies (Ossuary)
  14 gnolls
  7 adders
  A white imp (D:5)
  An ufetubus (D:6)
  4 adder zombies (Ossuary)
  5 worms
  The ghost of croobank the Sneak, a weakling OpDe (D:7)
  A dart slug (D:1)
  23 orcs
  4 ball pythons
  7 endoplasms
  4 giant cockroaches
  10 hobgoblins
  12 jackals
  4 kobolds
  A quokka (D:1)
  10 bats
  4 frilled lizards
  9 goblins
  A goblin zombie (Ossuary)
  4 hobgoblin zombies (Ossuary)
  A kobold zombie (Ossuary)
  3 quokka zombies (Ossuary)
  9 rats
  3 rat zombies (Ossuary)
199 creatures vanquished.

Vanquished Creatures (others)
  3 fungi (D:1)
  2 plants (D:1)
5 creatures vanquished.

Grand Total: 204 creatures vanquished

Notes
Turn   | Place    | Note
-------+----------+-------------------------------------------
     0 | D:1      | Ast3rio the Minotaur Berserker began the quest for the Orb.
     0 | D:1      | Reached XP level 1. HP: 19/19 MP: 0/0
   200 | D:1      | Reached XP level 2. HP: 8/27 MP: 1/1
   628 | D:1      | Found a faded altar of an unknown god.
  1023 | D:1      | Reached ** piety under Trog
  1143 | D:1      | Reached XP level 3. HP: 26/33 MP: 2/2
  2734 | D:3      | Reached XP level 4. HP: 41/41 MP: 3/3
  2998 | D:3      | Reached skill level 1 in Maces & Flails
  3570 | D:4      | Reached skill level 2 in Maces & Flails
  3570 | D:4      | Reached XP level 5. HP: 47/47 MP: 4/4
  3571 | D:4      | Reached *** piety under Trog
  3868 | D:4      | Noticed a black bear
  3875 | D:4      | Killed a black bear
  3876 | D:4      | Reached skill level 3 in Maces & Flails
  3876 | D:4      | Reached XP level 6. HP: 52/55 MP: 5/5
  4044 | D:4      | Reached skill level 5 in Fighting
  4044 | D:4      | Reached skill level 4 in Maces & Flails
  4356 | D:5      | Entered Level 5 of the Dungeon
  4407 | D:5      | Reached XP level 7. HP: 30/61 MP: 6/6
  4623 | D:5      | Reached skill level 5 in Maces & Flails
  4820 | D:5      | Reached skill level 5 in Armour
  4821 | D:5      | Reached skill level 6 in Maces & Flails
  5288 | D:5      | Reached XP level 8. HP: 53/70 MP: 7/7
  5509 | D:5      | Reached skill level 7 in Maces & Flails
  5881 | D:6      | Reached **** piety under Trog
  6043 | D:6      | Reached skill level 8 in Maces & Flails
  6419 | D:6      | Reached XP level 9. HP: 63/78 MP: 8/8
  6510 | D:6      | Reached skill level 9 in Maces & Flails
  6697 | D:7      | Reached skill level 5 in Dodging
  6906 | D:7      | Reached skill level 1 in Polearms
  7242 | D:7      | Found an ornate altar of the Wu Jian Council.
  7268 | D:7      | Found a sand-covered staircase.
  7285 | Ossuary  | Entered an ossuary
  7849 | D:7      | Reached ***** piety under Trog
  8052 | D:7      | Found a hide-covered altar of Uskayaw.
  8067 | D:7      | Found a burning altar of Makhleb.
  8070 | D:7      | Found a sacrificial altar of Ru.
  8070 | D:7      | Found a stormy altar of Qazlal.
  8084 | D:7      | Found a runed translucent door.
  8091 | D:7      | Noticed croobank's ghost (weakling OpDe)
  8115 | D:7      | Found a staircase to the Ecumenical Temple.
  8603 | D:7      | Killed croobank's ghost
  8743 | D:8      | Reached skill level 5 in Polearms
  8790 | D:8      | Found Onge Kust's Distillery.
  8847 | D:8      | Bought 2 potions of heal wounds for 110 gold pieces
  8847 | D:8      | Bought a potion of heal wounds for 55 gold pieces
  8893 | D:8      | Found a flagged portal.
  8905 | Bailey   | Entered a bailey
  9014 | Bailey   | Mangled by an orc warrior

Illustrated notes

Levels and vault maps discovered:
D:1:      dpeg_arrival_rhombus, layout_basic, dreamdust_ecumenical_altar_grove,
          minmay_3d_cube
D:2:      layout_basic
D:3:      layout_basic, ebering_dispersal_statue_hall
D:4:      layout_cave_pools, minivault_25, minmay_quadrilaterals
D:5:      layout_rooms
D:6:      layout_loops_ring
D:7:      layout_cave_pods, nicolae_overflow_hallway_of_the_gods,
          minmay_temple_entry_glassed_door,
          lightli_ossuary_entry_decrepit_ruins, ebering_ghost_reflecting_pool,
          the_hattery
D:8:      layout_basic, grunt_temple_overflow_open, lair_entry_dummy,
          enter_bailey_2, gammafunk_ghost_split, nicolae_stop_n_shop_2
Bailey:   bailey_axe_minmay_hex_keep, bailey

Skill      XL: |  1  2  3  4  5  6  7  8  9 |
---------------+----------------------------+-----
Fighting       | 4 5 6 7 |  7.9
Axes           | 4 |  4.9
Dodging        | 3 4 5 |  5.4
Maces & Flails | 2 3 4 6 8 9 |  9.5
Armour         | 3 5 7 8 |  8.4
Polearms       | 6 |  6.1
Stealth        | |  0.7

Action                   |  1- 3 |  4- 6 |  7- 9 || total
-------------------------+-------+-------+-------++-------
Melee: Hand axe          |    66 |       |       ||    66
       Headbutt          |    17 |    13 |    39 ||    69
       Punch             |     1 |     1 |     2 ||     4
       Morningstar       |    34 |   102 |   101 ||   237
       Halberd           |       |       |   125 ||   125
Invok: Berserk           |       |     1 |     2 ||     3
  Use: Potion            |       |     2 |     1 ||     3
       Scroll            |       |       |     6 ||     6
 Stab: Sleeping          |       |     1 |       ||     1
Armor: Animal skin       |    19 |       |       ||    19
       Scale mail        |       |    64 |   175 ||   239
Dodge: Dodged            |    81 |    72 |   227 ||   380
